 Dungeon Crawl Stone Soup version 0.29-a0-319-gad05b8d819 (webtiles) character file.

Game seed: 9995334609089100410

28 Morbidden the Skirmisher (level 3, 29/29 HPs)
             Began as a Demonspawn Fighter on Apr 2, 2022.
             Quit the game on level 2 of the Dungeon.
             The game lasted 00:01:13 (915 turns).

Morbidden the Skirmisher (Demonspawn Fighter)        Turns: 915, Time: 00:01:13

Health: 29/29      AC:  8    Str: 16    XL:     3   Next: 0%
Magic:  3/3        EV:  8    Int: 11    God:
Gold:   130        SH:  4    Dex: 12    Spells: 3/3 levels left

rFire   . . .      SeeInvis .   r - +1 dagger (speed)
rCold   . . .      Faith    .   c - +0 buckler
rNeg    . . .      Spirit   .   b - +0 scale mail
rPois   .          Reflect  .   (no helmet)
rElec   .          Harm     .   (no cloak)
rCorr   .          Rampage  .   (no gloves)
Will    .....                   (no boots)
Stlth   ..........              (no amulet)
HPRegen 0.09/turn               (no ring)
MPRegen 0.08/turn               (no ring)

@: no status effects
A: yellow scales 1, demonic touch 1
a: no special abilities


You were on level 2 of the Dungeon.
You visited 1 branch of the dungeon, and saw 2 of its levels.

You collected 130 gold pieces.

Inventory:

Hand Weapons
 a - a +0 long sword
 r - a +1 dagger of speed (weapon)
Missiles
 l - 5 javelins (quivered)
Armour
 b - a +0 scale mail (worn)
 c - a +0 buckler (worn)
Jewellery
 o - a ring of positive energy
Scrolls
 e - a scroll of teleportation {unknown}
 f - 3 scrolls of identify {unknown}
 j - a scroll of magic mapping {unknown}
 k - a scroll of blinking {unknown}
 m - 2 scrolls of vulnerability {unknown}
 n - a scroll of fog {unknown}
 p - 2 scrolls of immolation {unknown}
 q - a scroll of summoning {unknown}
Potions
 d - a potion of might
 g - a potion of flight {unknown}
 h - a potion of curing {unknown}
 i - 2 potions of lignification {unknown}


   Skills:
 * Level 3.2 Fighting
 * Level 2.2 Long Blades
 + Level 3.0 Armour
 * Level 0.1 Dodging
 + Level 2.7 Shields
 * Level 0.6 Spellcasting


You had 3 spell levels left.
You didn't know any spells.
Your spell library contained the following spells:

 Spells                   Type           Power      Damage    Failure   Level
 Sandblast                Erth           0%         2d4       85%         1
 Passwall                 Tmut/Erth      0%         N/A       94%         2
 Stone Arrow              Conj/Erth      0%         3d7       99%         3


Dungeon Overview and Level Annotations

Branches:
Dungeon (2/15)

Altars:

Shops:
D:1 !


Innate Abilities, Weirdness & Mutations

You are partially covered in yellow scales. (AC +2)
Your touch may inflict minor irresistible damage on your foes.


Message History

You closely miss the kobold.
The kobold is moderately wounded.
The kobold barely misses you. The kobold hits you but does no damage.
You hit the kobold.
You kill the kobold!
You completely miss the kobold. The kobold hits you but does no damage.
You hit the kobold but do no damage.
The frilled lizard bites you but does no damage.
The kobold closely misses you.
You closely miss the kobold.
The frilled lizard bites you but does no damage.
The kobold hits you with a +0 whip.
You hit the kobold.
You kill the kobold!
You hit the frilled lizard.
You kill the frilled lizard!
You barely miss the kobold.
The kobold hits you with a +0 short sword.
You hit the kobold.
You kill the kobold!
You have reached level 3!
Your experience leads to an increase in your attributes!
Increase (S)trength, (I)ntelligence, or (D)exterity?
You feel clever. x2; Your demonic ancestry asserts itself...
Your hands begin to faintly glow with unholy energy.
HP restored.
Found a runed orb.
You now have 122 gold pieces (gained 13).
Items here: ( )) †.
No target in view!
m - 2 scrolls labelled DEIPECWUMIWI (gained 1)
You now have 130 gold pieces (gained 8).
p - 2 scrolls labelled GEICZA MI MUBU (gained 1)
Things that are here:
a +0 whip; a +0 leather armour; a kobold corpse No target in view!
Key pressed, stopping explore.
No target in view!
Okay, then.
Are you sure you want to abandon this character and quit the game? (Confirm with "yes".)

# ....[. .##. ##.....#
.... #...... .....
...... ...##...###
........... #...# #...
#)@.##..## #.........
#...)..... .. #.
###.........
[...###.####...........
......#.##...#.........
...#...#..###.........
#..#....## #.........
#.....>..###.########


There were no monsters in sight!

Vanquished Creatures
  A dart slug (D:1)
  A ball python (D:1)
  An endoplasm (D:1)
  A giant cockroach (D:1)
  3 goblins (D:1)
  2 hobgoblins (D:1)
  5 jackals (D:1)
  A quokka (D:1)
  4 frilled lizards
  4 kobolds
  A rat (D:1)
24 creatures vanquished.

Notes
Turn   | Place    | Note
-------+----------+-------------------------------------------
     0 | D:1      | Morbidden the Demonspawn Fighter began the quest for the
                  | Orb.
     0 | D:1      | Reached XP level 1. HP: 18/18 MP: 1/1
   214 | D:1      | Found Xiagib's Distillery.
   227 | D:1      | Gained mutation: You are partially covered in yellow
                  | scales. (AC +2) [demonic ancestry]
   227 | D:1      | Reached XP level 2. HP: 23/24 MP: 2/2
   847 | D:2      | Gained mutation: Your touch may inflict minor irresistible
                  | damage on your foes. [demonic ancestry]
   847 | D:2      | Reached XP level 3. HP: 23/29 MP: 3/3
   915 | D:2      | Quit the game

Illustrated notes

Levels and vault maps discovered:
D:1:      evilmike_arrival_crescent, layout_rooms, serial_shops,
          nicolae_shop_trees, minmay_tall_x
D:2:      layout_rooms

Skill      XL: |  1  2 |
---------------+-------+-----
Long Blades    | 2 |  2.2
Armour         | 3 |  3.0
Fighting       | |  3.2
Dodging        | |  0.1
Shields        | |  2.7
Spellcasting   | |  0.6

Action                   || total
-------------------------++-------
Melee: Long sword        ||    58
       Dagger            ||    18
Armor: Scale mail        ||    37
Dodge: Dodged            ||    30
Block: Buckler           ||    10

Table legend: (Time is in decaauts)
 A = Elapsed time spent in this place.
 B = Non-inter-level travel time spent in this place.
 C = Inter-level travel time spent in this place.
 D = Time resting spent in this place.
 E = Time spent auto-exploring this place.
 F = Levels seen in this place.
 G = Mean time per level.
                   A        B        C        D        E       F      G
               +--------+--------+--------+--------+--------+-----+--------+
         Total |    930 |    914 |     16 |      0 |    717 |   2 |  465.0 |
       Dungeon |    930 |    914 |     16 |      0 |    717 |   2 |  465.0 |
               +--------+--------+--------+--------+--------+-----+--------+

Top non-repeatable levels by time:
     D:1: 772 daAuts
     D:2: 158 daAuts
